 Dungeon Crawl Stone Soup version 0.24-a0-271-ga0fc33f724 (webtiles) character file.

Game seed: 11191609677350806864

15651 HAL9000 the Unseen (level 12, -7/56 HPs)
             Began as a Vine Stalker Assassin on Apr 24, 2019.
             Was a Believer of Dithmenos.
             Engulfed by a cloud of flame (13 damage)
             ... on level 5 of the Lair of Beasts.
             The game lasted 00:35:22 (13181 turns).

HAL9000 the Unseen (Vine Stalker Assassin)         Turns: 13181, Time: 00:35:22

Health: -7/56      AC: 11    Str: 16    XL:     12   Next: 29%
Magic:  0/14       EV: 11    Int: 13    God:    Dithmenos [**....]
Gold:   873        SH:  0    Dex: 20    Spells: 6/12 levels left

rFire    . . .     SeeInvis .   o - +2 dagger (drain)
rCold    . . .     Gourm    +   (no shield)
rNeg     . . .     Faith    .   O - +1 swamp dragon scales
rPois    +         Spirit   +   v - +0 helmet
rElec    .         Reflect  .   M - scarf {repulsion}
rCorr    +         Harm     .   A - +0 pair of gloves
MR       +....                  R - +0 pair of boots
Stlth    ++++++++..             D - amulet of the gourmand
HPRegen  0.98/turn              y - +3 ring of dexterity
MPRegen  0.14/turn              J - ring of resist corrosion

@: wreathed by umbra, repel missiles
A: fangs 3, regeneration 2, magic shield, antimagic bite, no potion heal 3, rot
immunity
a: Shadow Step, Renounce Religion


You were on level 5 of the Lair of Beasts.
You worshipped Dithmenos.
Dithmenos was pleased with you.
You were full.

You visited 3 branches of the dungeon, and saw 15 of its levels.
You also visited: Sewer.

You collected 873 gold pieces.

Inventory:

Hand Weapons
 b - a +0 blowgun
 o - a +2 dagger of draining (weapon)
Missiles
 e - 85 poisoned needles
 t - 5 tomahawks (quivered)
 I - 2 tomahawks of dispersal
 T - 4 curare-tipped needles
Armour
 c - a +0 robe
 d - a +0 cloak
 v - a +0 helmet (worn)
 A - a +0 pair of gloves (worn)
 M - a scarf of repulsion (worn)
 O - +1 swamp dragon scales (worn)
 R - a +0 pair of boots (worn)
Jewellery
 n - an uncursed amulet of faith
 y - a +3 ring of dexterity (left hand)
 D - an amulet of the gourmand (around neck)
 F - a +2 ring of intelligence
 J - a ring of resist corrosion (right hand)
Wands
 l - a wand of random effects (24)
 q - a wand of digging (6)
 z - a wand of disintegration (17)
 C - a wand of iceblast (7)
 E - a wand of paralysis (6)
 K - a wand of acid (3)
 N - a wand of scattershot (6)
 Q - a wand of polymorph (7)
Scrolls
 a - 9 scrolls of teleportation
 h - 4 scrolls of fear
 i - 2 scrolls of amnesia
 j - 2 scrolls of blinking
 k - 5 scrolls of identify
 p - 6 scrolls of magic mapping
 s - 3 scrolls of remove curse
 u - 2 scrolls of fog
 G - a scroll of enchant armour
 H - a scroll of enchant weapon
 L - a scroll of summoning
 S - a scroll of silence
Potions
 f - 2 potions of flight
 m - 3 potions of mutation
 r - 2 potions of magic
 w - 7 potions of curing
 x - a potion of lignification
 B - 2 potions of agility
 P - a potion of brilliance
Comestibles
 g - 17 rations


   Skills:
 - Level 2.8 Fighting
 - Level 11.3 Short Blades
 - Level 1.7 Throwing
 - Level 0.9 Dodging
 - Level 17.4 Stealth
 + Level 0.9 Spellcasting
 * Level 5.7 Hexes


You had 6 spell levels left.
You knew the following spells:

 Your Spells              Type           Power        Failure   Level  Hunger
a - Confuse               Hex            ###.....     16%         3    ####...
b - Regeneration          Chrm/Necr      #.........   86%         3    ####...

Your spell library contained the following spells:

 Spells                   Type           Power        Failure   Level  Hunger
 Corona                   Hex            ###....      5%          1    ##.....
 Tukima's Dance           Hex            ###.....     16%         3    ####...
 Ensorcelled Hibernation  Hex/Ice        #.....       26%         2    ###....
 Dazzling Spray           Conj/Hex       #.....       45%         3    ####...
 Summon Guardian Golem    Hex/Summ       #.......     45%         3    ####...
 Animate Skeleton         Necr           N/A          50%         1    ##.....
 Magic Dart               Conj           #...         50%         1    ##.....
 Pain                     Necr           #...         50%         1    ##.....
 Summon Small Mammal      Summ           #...         50%         1    ##.....
 Call Imp                 Summ           #.......     63%         2    ###....
 Searing Ray              Conj           #.....       63%         2    ###....
 Call Canine Familiar     Summ           #.......     86%         3    ####...
 Vampiric Draining        Necr           #.........   86%         3    ####...
 Fulminant Prism          Conj/Hex       #.........   86%         4    #####..
 Animate Dead             Necr           N/A          99%         4    #####..
 Force Lance              Conj/Tloc      #.......     99%         4    #####..
 Iskenderun's Mystic Bla  Conj           #.......     99%         4    #####..
 Summon Ice Beast         Ice/Summ       #.......     99%         4    #####..
 Summon Lightning Spire   Summ/Air       #.......     99%         4    #####..
 Silence                  Hex/Air        #.........   99%         5    ######.
 Conjure Ball Lightning   Conj/Air       #.........   100%        6    #######
 Deflect Missiles         Chrm/Air       #.........   100%        6    #######
 Tornado                  Air            #.........   100%        9    #######


Dungeon Overview and Level Annotations

Branches:
Dungeon (10/15)            Temple (1/1) D:7            Lair (5/6) D:9
  Swamp (0/4) Lair:4        Slime (0/5) Lair:5          Orc (0/2) D:9
  Snake: Lair:2-4    Spider: Lair:2-4

Altars:
Ashenzari
Cheibriados
Dithmenos
Elyvilon
Fedhas
Gozag
Hepliaklqana
Kikubaaqudgha
Makhleb
Nemelex Xobeh
Okawaru
Qazlal
Ru
Sif Muna
Trog
Uskayaw
Vehumet
Wu Jian
Xom
Yredelemnul
Zin
The Shining One
Jiyva


Innate Abilities, Weirdness & Mutations

You have razor-sharp teeth.
You heal very quickly.
When hurt, damage is shared between your health and your magic reserves.
Your bite disrupts and absorbs the magic of your enemies.
Potions cannot restore your health.
You are immune to rotting.


Message History

The fire crab is almost dead.
You hit the fire crab but do no damage. You drain the fire crab.
The fire crab is almost dead.
The fire crab breathes flames at you. The blast of flame misses you.
You hit the fire crab but do no damage.
The fire crab is almost dead.
You are engulfed in blazing flames.
* * * LOW HITPOINT WARNING * * *
The fire crab breathes flames at you.
The blast of flame engulfs you but does no damage.
You are engulfed in blazing flames.
* * * LOW HITPOINT WARNING * * *
The fire crab breathes flames at you.
The blast of flame engulfs you but does no damage.
You hit the fire crab but do no damage. You bite the fire crab.
You kill the fire crab!
Dithmenos accepts your kill.
You are engulfed in blazing flames.
You die...

#.#.....##.. .+.......#
.......# #.....P# ##
##.....# +..
######......#####.#
##..#P..........P#..P.###..
...P....○○○...............
#.......○@○[..............
#.......○○○...............
##.............<...........
#..........................
##.....<....................
#.#....+####.....##+...##P..
##..##P..P#.#...###.P### ..
##..###.P...#...P##...## ...
#...##.................##...


There were no monsters in sight!

Vanquished Creatures
  A hydra (Lair:4)
  2 two-headed ogres
  A fire crab (Lair:5)
  A swamp dragon (Lair:4)
  3 black mambas
  4 spiny frogs
  A komodo dragon (Lair:4)
  Prince Ribbit (D:9)
  5 hippogriffs
  A wyvern (Lair:4)
  11 yaks (Lair:1)
  5 humans
  A steam dragon (Lair:4)
  A soldier ant (shapeshifter) (D:9)
  6 porcupines
  9 water moccasins
  An orc warrior (D:7)
  A black bear (D:9)
  3 sky beasts
  2 phantoms (D:4)
  10 ogres
  5 crocodiles
  3 wolves (Lair:4)
  A centaur (D:8)
  Blork the orc (D:6)
  7 bullfrogs
  A water moccasin zombie (D:9)
  A wyvern skeleton (D:8)
  4 scorpions
  7 killer bees
  4 wights
  3 howler monkeys (D:7)
  5 crimson imps
  3 jellies
  A quasit (D:5)
  A gnoll shaman (D:6)
  A centaur zombie (D:6)
  4 hounds
  An orc priest (D:4)
  2 bullfrog skeletons
  A centaur skeleton (D:9)
  3 iguanas
  Ijyb (D:3)
  4 orc wizards
  8 worker ants
  Terence (D:3)
  8 gnolls
  17 adders
  A shadow imp (D:9)
  3 oozes
  An adder skeleton (D:6)
  4 worms
  A dart slug (D:6)
  12 leopard geckos
  34 orcs
  7 ball pythons
  3 bats
  9 giant cockroaches
  7 goblins
  12 hobgoblins
  8 jackals
  4 quokkas
  7 frilled lizards
  A giant cockroach zombie (D:6)
  7 kobolds
  A quokka skeleton (D:7)
  7 rats
297 creatures vanquished.

Vanquished Creatures (others)
  4 fungi (Lair:5)
  4 plants
8 creatures vanquished.

Grand Total: 305 creatures vanquished

Notes
Turn   | Place    | Note
-------+----------+-------------------------------------------
     0 | D:1      | HAL9000 the Vine Stalker Assassin began the quest for the
                  | Orb.
     0 | D:1      | Reached XP level 1. HP: 11/11 MP: 2/2
   183 | D:1      | Reached XP level 2. HP: 14/15 MP: 3/3
   466 | D:1      | Reached skill level 5 in Stealth
   466 | D:1      | Reached XP level 3. HP: 18/18 MP: 4/4
   784 | D:2      | Found an iron altar of Okawaru.
   867 | D:2      | Found a sacrificial altar of Ru.
   869 | D:2      | Gained mutation: Your natural rate of healing is unusually
                  | fast. [Vine Stalker growth]
   869 | D:2      | Reached XP level 4. HP: 23/23 MP: 5/5
   877 | D:2      | Reached skill level 6 in Stealth
  1119 | D:2      | Found a faded altar of an unknown god.
  1510 | D:2      | Reached XP level 5. HP: 26/26 MP: 6/6
  1633 | D:2      | Found a glowing silver altar of Zin.
  1634 | D:2      | Found an opulent altar of Gozag.
  1809 | D:3      | Noticed Ijyb
  1877 | D:3      | Killed Ijyb
  1877 | D:3      | Reached skill level 7 in Stealth
  2211 | D:3      | Found an ancient bone altar of Kikubaaqudgha.
  2372 | D:3      | Noticed Terence
  2375 | D:3      | Killed Terence
  2548 | D:3      | Reached XP level 6. HP: 30/30 MP: 7/7
  2758 | D:4      | Noticed a phantom
  2765 | D:4      | Killed a phantom
  2765 | D:4      | Reached skill level 8 in Stealth
  3063 | D:4      | Reached XP level 7. HP: 31/34 MP: 8/8
  3323 | D:4      | Reached skill level 9 in Stealth
  3344 | D:4      | Reached skill level 5 in Short Blades
  3769 | D:5      | Entered Level 5 of the Dungeon
  3956 | D:5      | Gained mutation: You have razor-sharp teeth. [Vine Stalker
                  | growth]
  3956 | D:5      | Reached XP level 8. HP: 38/38 MP: 9/9
  3967 | D:5      | Reached skill level 10 in Stealth
  4312 | D:5      | Found an ornate altar of the Wu Jian Council.
  4312 | D:5      | Found a shattered altar of Ashenzari.
  4318 | D:5      | Found a burning altar of Makhleb.
  4321 | D:5      | Found a basalt altar of Yredelemnul.
  4323 | D:5      | Found a deep blue altar of Sif Muna.
  4506 | D:6      | Noticed Blork the orc
  4511 | D:6      | Killed Blork the orc
  4746 | D:6      | Reached skill level 11 in Stealth
  5005 | D:6      | Found a snail-covered altar of Cheibriados.
  5036 | D:6      | Reached skill level 12 in Stealth
  5036 | D:6      | Reached XP level 9. HP: 35/42 MP: 10/10
  5102 | D:6      | Found a glowing drain.
  5119 | Sewer    | Entered a sewer
  5769 | D:6      | HP: 2/42 [orc priest/nerve-wracking pain (8)]
  6003 | D:6      | Reached skill level 13 in Stealth
  6531 | D:7      | Found a burning altar of Makhleb.
  6679 | D:7      | Found a staircase to the Ecumenical Temple.
  6700 | Temple   | Entered the Ecumenical Temple
  6703 | Temple   | Reached XP level 10. HP: 35/46 MP: 11/11
  6803 | Temple   | Became a worshipper of Dithmenos the Shadowed
  7086 | D:8      | Noticed a two-headed ogre
  7096 | D:8      | Killed a two-headed ogre
  7226 | D:7      | Reached skill level 14 in Stealth
  7808 | D:9      | Found a staircase to the Lair.
  8092 | D:9      | Found a staircase to the Orcish Mines.
  8159 | D:9      | Found an iron altar of Okawaru.
  8547 | D:9      | Noticed Prince Ribbit
  8583 | D:9      | Reached skill level 10 in Short Blades
  8585 | D:9      | Killed Prince Ribbit
  8634 | D:9      | Reached * piety under Dithmenos
  8746 | D:9      | Noticed a two-headed ogre
  8800 | D:9      | Killed a two-headed ogre
  8807 | D:9      | Reached skill level 15 in Stealth
  8807 | D:9      | Reached XP level 11. HP: 38/50 MP: 8/12
  9130 | D:10     | Entered Level 10 of the Dungeon
  9209 | Lair:1   | Entered Level 1 of the Lair of Beasts
 10129 | Lair:1   | Reached skill level 16 in Stealth
 10740 | Lair:2   | HP: 2/50 [poisoned by a black mamba]
 10745 | Lair:2   | HP: 2/50 [poisoned by a black mamba]
 11722 | Lair:2   | You fall through a shaft for 2 floors!
 11778 | Lair:4   | Noticed a four-headed hydra
 11785 | Lair:4   | Killed a four-headed hydra
 11785 | Lair:4   | Reached skill level 17 in Stealth
 11917 | Lair:4   | Learned a level 3 spell: Confuse
 11930 | Lair:4   | Reached ** piety under Dithmenos
 11930 | Lair:4   | Reached skill level 1 in Hexes
 11937 | Lair:4   | Gained mutation: You heal very quickly. [Vine Stalker
                  | growth]
 11937 | Lair:4   | Reached XP level 12. HP: 51/56 MP: 13/13
 11942 | Lair:4   | Learned a level 3 spell: Regeneration
 12049 | Lair:4   | Found a staircase to the Swamp.
 12815 | Lair:5   | Noticed a seven-headed hydra
 12825 | Lair:5   | Noticed an eight-headed hydra
 12826 | Lair:5   | Noticed an eight-headed hydra
 12835 | Lair:5   | HP: 1/56 [eight-headed hydra (9)]
 12953 | Lair:5   | Found a staircase to the Slime Pits.
 12973 | Lair:5   | Found a viscous altar of Jiyva.
 13080 | Lair:5   | Reached skill level 5 in Hexes
 13181 | Lair:5   | Engulfed by a cloud of flame

Levels and vault maps discovered:
D:1:      mainiacjoe_arrival_reflecting_pool, layout_loops_ring,
          minmay_tiny_reverse_x
D:2:      layout_loops_corners, grunt_temple_overflow_gold_and_silver,
          nicolae_ru_great_annihilating_truth, chequers_ecumenical_altar_grove,
          okawaru_trees_2
D:3:      layout_basic, lemuel_crystal_altar, uniq_terence, uniq_ijyb
D:4:      layout_basic, eino_tiny_chamber
D:5:      layout_basic, chequers_temple_overflow_minitemple, first_ration,
          minmay_misc_feat_columns
D:6:      layout_gridville, kennysheep_slug_shrine, portal_sewer_entry_c,
          minmay_ruffians, uniq_blork_the_orc
D:7:      layout_basic, minmay_temple_entry_wispy, bloody_makhleb
D:8:      layout_loops_ring
D:9:      kennysheep_windowed_halls, layout_loops_corners, lemuel_doored_altar,
          lair_entry_dummy, serial_aquarium, aquarium_bridge_square
          [aquarium_subvault_bridge, aquarium_subvault_wall,
          aquarium_subvault_wall, aquarium_subvault_window], aquarium_window_1,
          aquarium_window_1, aquarium_window_fake, aquarium_view_2f,
          aquarium_balcony_3b, uniq_prince_ribbit1
D:10:     layout_cave_pools, serial_shops, kennysheep_mini_moat, uniq_urug
Temple:   jpeg_temple_clearing
Lair:1:   layout_loops_ring, grunt_megastairs_1
Lair:2:   layout_layer_cave
Lair:4:   layout_cave_pods, minmay_swamp_entry_reptiles
Lair:5:   layout_regular_city, slime_altar_1, chequers_serial_rivers_marsh
Sewer:    sewer_frog_island_01

Skill      XL: |  1  2  3  4  5  6  7  8  9 10 11 12 |
---------------+-------------------------------------+-----
Short Blades   | 2 3 4 5 7 8 10 11 | 11.3
Stealth        | 5 6 7 8 9 12 13 15 17 | 17.4
Fighting       | 2 |  2.8
Hexes          | 1 5 |  5.7
Throwing       | |  1.7
Dodging        | |  0.9
Spellcasting   | |  0.9

Action                   |  1- 3 |  4- 6 |  7- 9 | 10-12 || total
-------------------------+-------+-------+-------+-------++-------
Melee: Dagger            |    67 |   134 |   499 |   432 ||  1132
       Bite              |    15 |    25 |   181 |   159 ||   380
 Fire: Blowgun           |       |       |     3 |     6 ||     9
Throw: Tomahawk          |       |       |     4 |       ||     4
 Cast: Confuse           |       |       |       |     1 ||     1
  Use: Scroll            |       |       |    14 |    13 ||    27
       Potion            |       |       |     1 |     1 ||     2
 Stab: Sleeping          |     7 |    17 |    22 |    41 ||    87
       Distracted        |     1 |     1 |     1 |       ||     3
       Invisible         |       |     1 |       |       ||     1
       Confused          |       |       |       |     1 ||     1
  Eat: Chunk             |       |     6 |    33 |    18 ||    57
Armor: Robe              |     9 |    21 |    85 |    32 ||   147
       Swamp dragon scal |       |       |       |    12 ||    12
Dodge: Dodged            |    32 |    46 |   206 |   162 ||   446

Table legend:
 A = Non-vault XP
 B = Vault XP
 C = Vault XP percentage of total XP
 D = Non-vault monster count
 E = Vault monster count
 F = Vault count percentage of total count
                 A         B        C        D         E       F
            +---------+---------+-------+---------+---------+-------
      Total |   17376 |    4983 |  22.3 |     235 |      62 |  20.9
            +---------+---------+-------+---------+---------+-------
        D:1 |      48 |       3 |   5.9 |      19 |       2 |   9.5
        D:2 |      80 |      41 |  33.9 |      17 |       4 |  19.0
        D:3 |     110 |      68 |  38.2 |      21 |       2 |   8.7
        D:4 |     615 |       0 |   0.0 |      22 |       0 |   0.0
        D:5 |     551 |     389 |  41.4 |      26 |       2 |   7.1
        D:6 |     961 |     684 |  41.6 |      31 |      11 |  26.2
        D:7 |    1368 |       0 |   0.0 |      24 |       0 |   0.0
        D:8 |    1475 |       0 |   0.0 |      10 |       0 |   0.0
        D:9 |     759 |    2210 |  74.4 |      14 |      16 |  53.3
       D:10 |      88 |       0 |   0.0 |       4 |       0 |   0.0
     Temple |      90 |       0 |   0.0 |       1 |       0 |   0.0
     Lair:1 |    4017 |     404 |   9.1 |      19 |       2 |   9.5
     Lair:2 |     950 |       0 |   0.0 |       4 |       0 |   0.0
     Lair:4 |    4507 |     945 |  17.3 |      17 |       4 |  19.0
     Lair:5 |    1757 |       0 |   0.0 |       6 |       0 |   0.0
      Sewer |       0 |     239 | 100.0 |       0 |      19 | 100.0
            +---------+---------+-------+---------+---------+-------
